 Dungeon Crawl Stone Soup version 0.30-a0-626-gd6a5dd7a1f (webtiles) character file.

Game seed: 15014737360092221496

54 ragingrage the Ruffian (level 3, -6/36 HPs)
             Began as a Troll Monk on Jan 12, 2023.
             Mangled by a gnoll
             ... wielding a +0 flail
              (11 damage)
             ... on level 3 of the Dungeon.
             The game lasted 00:01:29 (1615 turns).

ragingrage the Ruffian (Troll Monk)                 Turns: 1615, Time: 00:01:29

Health: -6/36      AC:  4    Str: 19    XL:     3   Next: 66%
Magic:  2/2        EV: 10    Int:  8    God:
Gold:   72         SH:  0    Dex: 12    Spells: 1/2 levels left

rFire   . . .      SeeInvis .      - Unarmed
rCold   + . .      Faith    .    (no shield)
rNeg    . . .      Spirit   .    j - +0 robe {rC+}
rPois   .          Reflect  .    (helmet restricted)
rElec   .          Harm     .    (no cloak)
rCorr   .          Rampage  .    (gloves unavailable)
Will    .....                    (boots unavailable)
Stlth   ++                       (no amulet)
HPRegen 1.06/turn                (no ring)
MPRegen 0.08/turn                (no ring)

@: no status effects
A: large, unfitting armour, claws 3, regeneration 1, shaggy fur 1, tough skin 1
a: no special abilities


You were on level 3 of the Dungeon.
You visited 1 branch of the dungeon, and saw 3 of its levels.

You collected 157 gold pieces.
You spent 85 gold pieces at shops.

Inventory:

Armour
 j - a +0 robe of cold resistance (worn)
Jewellery
 g - an amulet of guardian spirit
Scrolls
 d - 3 scrolls of identify {unknown}
 f - 2 scrolls of poison {unknown}
 i - a scroll of noise {unknown}
 k - a scroll of blinking {unknown}
Potions
 a - a potion of resistance {unknown}
 b - a potion of ambrosia
 c - a potion of curing {unknown}
 e - 2 potions of heal wounds {unknown}
 h - a potion of brilliance {unknown}


   Skills:
 - Level 2.4 Fighting
 - Level 2.4 Dodging
 - Level 1.0 Stealth
 + Level 4.7 Unarmed Combat


You had one spell level left.
You knew the following spells:

 Your Spells              Type           Power      Damage    Failure   Level
a - Sandblast             Erth           0%         2d4       41%         1

Your spell library contained the following spells:

 Spells                   Type           Power      Damage    Failure   Level
 Apportation              Tloc           0%         N/A       41%         1
 Necrotise                Necr           0%         1d4       41%         1
 Summon Small Mammal      Summ           0%         N/A       41%         1
 Passwall                 Tmut/Erth      0%         N/A       54%         2
 Stone Arrow              Conj/Erth      0%         3d7       78%         3


Dungeon Overview and Level Annotations

Branches:
Dungeon (3/15)

Altars:

Shops:
D:2 [


Innate Abilities, Weirdness & Mutations

You are too large for most types of armour.
You have claws for hands.
Your natural rate of healing is unusually fast.
You are covered in fur. (AC +1)
You have tough skin. (AC +1)


Message History

No target in view!
HP restored.
A rat comes into view.
A rat is nearby!
The rat bites you.
You claw the rat!
You kill the rat!
No target in view!
No target in view!
No target in view!
No target in view!
An endoplasm comes into view.
The endoplasm quivers.
An endoplasm is nearby!
You claw the endoplasm!
You kill the endoplasm!
No target in view!
No target in view!
No target in view!
No target in view!
No target in view!
A gnoll comes into view. It is wielding a +0 flail.
A gnoll is nearby!
A gnoll comes into view. It is wielding a +0 flail.
The gnoll shouts!
You hear a shout!
A gnoll comes into view. It is wielding a +0 halberd.
The gnoll shouts!
The gnoll hits you with a +0 flail!
You see here 19 gold pieces.
You are too injured to fight recklessly!
You are too injured to fight recklessly!
You are too injured to fight recklessly!
You closely miss the gnoll. The gnoll hits you with a +0 flail!
The gnoll hits you from afar with a +0 halberd!
You scratch the gnoll but do no damage. The gnoll hits you with a +0 flail.
The gnoll hits you from afar with a +0 halberd!
* * * LOW HITPOINT WARNING * * *
You scratch the gnoll but do no damage. The gnoll barely misses you. x2
The gnoll attacks as you move away! The gnoll hits you with a +0 flail!
You die...

#.# #.#
#.# #.#
#.#
#.#######
#.......#
#######.#
#@# #g#
#g# #g#
#.# #.#
#.# #.#
#.#
#######


You could see 3 gnolls.

Vanquished Creatures
  2 worms (D:2)
  A dart slug (D:2)
  3 ball pythons
  7 endoplasms
  2 giant cockroaches (D:1)
  3 goblins
  A hobgoblin (D:1)
  2 jackals (D:1)
  A kobold (D:2)
  6 quokkas
  5 bats
  A frilled lizard (D:1)
  7 rats
41 creatures vanquished.

Notes
Turn   | Place    | Note
-------+----------+-------------------------------------------
     0 | D:1      | ragingrage the Troll Monk began the quest for the Orb.
     0 | D:1      | Reached XP level 1. HP: 22/22 MP: 0/0
   203 | D:1      | Reached XP level 2. HP: 29/29 MP: 1/1
   344 | D:1      | Found a faded altar of an unknown god.
   540 | D:1      | Reached skill level 4 in Unarmed Combat
   868 | D:2      | Reached XP level 3. HP: 36/36 MP: 2/2
   929 | D:2      | Learned a level 1 spell: Sandblast
   939 | D:2      | Found Jeozoyn's Antique Armour Shop.
   949 | D:2      | Bought a glowing robe for 85 gold pieces
  1615 | D:3      | Mangled by a gnoll

Illustrated notes

Levels and vault maps discovered:
D:1:      dpeg_arrival_arbitrary_a, layout_basic,
          hellmonk_ecumenical_altar_pennies_from_heaven,
          minmay_worlds_worst_comb
D:2:      cheibrodos_old_hovel, layout_basic, serial_shops, shop,
          grunt_ministairs_6, minmay_misc_feat_columns, st_stairs_12,
          corexii_leaking_fountain
D:3:      layout_loops_ring

Skill      XL: |  1  2 |
---------------+-------+-----
Unarmed Combat | 4 |  4.7
Fighting       | |  2.4
Dodging        | |  2.4
Stealth        | |  1.0

Action                   || total
-------------------------++-------
Melee: Unarmed           ||    87
       Punch             ||     1
 Stab: Sleeping          ||     3
Armor: Robe              ||    19
Dodge: Dodged            ||    38

Table legend: (Time is in decaauts)
 A = Elapsed time spent in this place.
 B = Non-inter-level travel time spent in this place.
 C = Inter-level travel time spent in this place.
 D = Time resting spent in this place.
 E = Time spent auto-exploring this place.
 F = Levels seen in this place.
 G = Mean time per level.
                   A        B        C        D        E       F      G
               +--------+--------+--------+--------+--------+-----+--------+
         Total |   1608 |   1515 |     93 |      2 |   1239 |   3 |  536.0 |
       Dungeon |   1608 |   1515 |     93 |      2 |   1239 |   3 |  536.0 |
               +--------+--------+--------+--------+--------+-----+--------+

Top non-repeatable levels by time:
     D:1: 760 daAuts
     D:2: 674 daAuts
     D:3: 172 daAuts
